TOP OF THE 1ST |
Jasper Cougars batting - Pitching for Colorado Commanders : RHP Christian Camden
|
Pitching: RHP Christian Camden
|
|
Batting: RHB Manuel Pérez
|
0-0: Foul Ball, location: 2F 0-1: Ball 1-1: Foul Ball, location: 2F 1-2: Ground out 6-3 (Groundball, 6)
|
Batting: LHB Pepe Vázquez
|
0-0: Called Strike 0-1: Foul Ball, location: 2F 0-2: Strikes out swinging
|
Batting: LHB Enrique Valentín
|
0-0: Called Strike 0-1: Fly out, F7 (Flyball, 7S)
|
Top of the 1st over - 0 run(s), 0 hit(s), 0 error(s), 0 left on base; Jasper 0 - Colorado 0 |
BOTTOM OF THE 1ST |
Colorado Commanders batting - Pitching for Jasper Cougars : RHP Ernesto Mendoza
|
Pitching: RHP Ernesto Mendoza
|
|
Batting: RHB Roberto Zamora
|
0-0: Ball 1-0: Called Strike 1-1: Foul Ball, location: 2F 1-2: Foul Ball, location: 2F 1-2: Ball 2-2: Ball 3-2: Strikes out swinging
|
Batting: RHB Arnold Harmon
|
0-0: Called Strike 0-1: Ground out 3-1 (Groundball, 34S)
|
Batting: RHB Xavier De La Cruz
|
0-0: Fly out, F8 (Flyball, 8RXD)
|
Bottom of the 1st over - 0 run(s), 0 hit(s), 0 error(s), 0 left on base; Jasper 0 - Colorado 0 |
TOP OF THE 2ND |
Jasper Cougars batting - Pitching for Colorado Commanders : RHP Christian Camden
|
Batting: SHB Ron Edwards
|
0-0: Called Strike 0-1: Foul Ball, location: 2F 0-2: Ball 1-2: Fly out, F7 (Flyball, 78XD)
|
Batting: RHB Dan Hooper
|
0-0: Called Strike 0-1: Ball 1-1: Ball 2-1: Fly out, F4 (Popup, 3L)
|
Batting: RHB Fernando Gálvez
|
0-0: Ball 1-0: Called Strike 1-1: Called Strike 1-2: Ball 2-2: Strikes out swinging
|
Top of the 2nd over - 0 run(s), 0 hit(s), 0 error(s), 0 left on base; Jasper 0 - Colorado 0 |
BOTTOM OF THE 2ND |
Colorado Commanders batting - Pitching for Jasper Cougars : RHP Ernesto Mendoza
|
Batting: LHB Gary Kern
|
0-0: SINGLE (Flyball, 8LS)
|
Batting: SHB Ángel Díaz
|
0-0: Called Strike 0-1: Ball 1-1: Swinging Strike 1-2: Foul Ball, location: 2F 1-2: Ball 2-2: Foul Ball, location: 2F 2-2: Fly out, F3 (Line Drive, 3) 2-2: Lined into DP, U3 (Line Drive, 3)
|
Batting: RHB Lee Price
|
0-0: Foul Ball, location: 2F 0-1: Called Strike 0-2: Ground out 5-3 (Groundball, 5)
|
Bottom of the 2nd over - 0 run(s), 1 hit(s), 0 error(s), 0 left on base; Jasper 0 - Colorado 0 |
TOP OF THE 3RD |
Jasper Cougars batting - Pitching for Colorado Commanders : RHP Christian Camden
|
Batting: RHB Juan Carlos
|
0-0: Ball 1-0: Called Strike 1-1: Called Strike 1-2: Strikes out swinging, 2-3 out at first.
|
Batting: RHB José Ortega
|
0-0: Called Strike 0-1: Ball 1-1: Swinging Strike 1-2: Foul Ball, location: 2F 1-2: Ball 2-2: Ball 3-2: Ground out 6-3 (Groundball, 6)
|
Batting: RHB Joe Baker
|
0-0: Ball 1-0: Foul Ball, location: 2F 1-1: Ball 2-1: Swinging Strike 2-2: Strikes out swinging
|
Top of the 3rd over - 0 run(s), 0 hit(s), 0 error(s), 0 left on base; Jasper 0 - Colorado 0 |
BOTTOM OF THE 3RD |
Colorado Commanders batting - Pitching for Jasper Cougars : RHP Ernesto Mendoza
|
Batting: RHB Richard Pendergast
|
0-0: Ball 1-0: Ball 2-0: Ball 3-0: Base on Balls
|
Batting: RHB Emiel van Rhee
|
0-0: Ball 1-0: Swinging Strike 1-1: Ground out 5-3 (Groundball, 56S) Richard Pendergast to second
|
Batting: RHB Tim Adkins
|
0-0: Ball 1-0: Called Strike 1-1: Called Strike 1-2: Foul Ball, location: 2F 1-2: Ball 2-2: Foul Ball, location: 2F 2-2: Ball 3-2: Base on Balls
|
Batting: RHB Roberto Zamora
|
0-0: Ball Richard Pendergast steals 3rd base Tim Adkins to second 1-0: Called Strike 1-1: Ground out 5-3 (Groundball, 56) Richard Pendergast scores
|
Batting: RHB Arnold Harmon
|
0-0: Called Strike 0-1: Foul Ball, location: 2F 0-2: Foul Ball, location: 2F 0-2: Ball 1-2: DOUBLE (Line Drive, 7LS) Tim Adkins scores
|
Pinch Runner at 2nd José Aranda:
|
|
Batting: RHB Xavier De La Cruz
|
0-0: Ball 1-0: Foul Ball, location: 2F 1-1: Ball 2-1: Swinging Strike 2-2: Strikes out swinging
|
Bottom of the 3rd over - 2 run(s), 1 hit(s), 0 error(s), 1 left on base; Jasper 0 - Colorado 2 |
TOP OF THE 4TH |
Jasper Cougars batting - Pitching for Colorado Commanders : RHP Christian Camden
|
Now at 3B: José Aranda
|
|
Batting: RHB Manuel Pérez
|
0-0: Bunt missed! 0-1: Ball 1-1: Ground out 5-3 (Groundball, 5)
|
Batting: LHB Pepe Vázquez
|
0-0: Ball 1-0: Ball 2-0: Swinging Strike 2-1: Foul Ball, location: 2F 2-2: Fly out, F9 (Flyball, 89S)
|
Batting: LHB Enrique Valentín
|
0-0: Ball 1-0: Foul Ball, location: 2F 1-1: Ball 2-1: Foul Ball, location: 2F 2-2: Ball 3-2: Base on Balls
|
Batting: SHB Ron Edwards
|
0-0: Called Strike Enrique Valentín steals 2nd base 0-1: Called Strike 0-2: Ground out 3-6 (Groundball, 3)
|
Top of the 4th over - 0 run(s), 0 hit(s), 0 error(s), 1 left on base; Jasper 0 - Colorado 2 |
BOTTOM OF THE 4TH |
Colorado Commanders batting - Pitching for Jasper Cougars : RHP Ernesto Mendoza
|
Batting: LHB Gary Kern
|
0-0: Called Strike 0-1: Ball 1-1: Ball 2-1: Swinging Strike 2-2: Foul Ball, location: 2F 2-2: Foul Ball, location: 2F 2-2: Fly out, F3 (Line Drive, 3)
|
Batting: SHB Ángel Díaz
|
0-0: Called Strike 0-1: Ball 1-1: Called Strike 1-2: Ball 2-2: Strikes out swinging
|
Batting: RHB Lee Price
|
0-0: Ball 1-0: Foul Ball, location: 2F 1-1: Foul Ball, location: 2F 1-2: Foul Ball, location: 2F 1-2: Strikes out swinging
|
Bottom of the 4th over - 0 run(s), 0 hit(s), 0 error(s), 0 left on base; Jasper 0 - Colorado 2 |
TOP OF THE 5TH |
Jasper Cougars batting - Pitching for Colorado Commanders : RHP Christian Camden
|
Batting: RHB Dan Hooper
|
0-0: Called Strike 0-1: Ball 1-1: DOUBLE (Line Drive, 8RD)
|
Batting: RHB Fernando Gálvez
|
0-0: Foul Ball, location: 2F 0-1: Ball 1-1: Called Strike 1-2: Ball Wild Pitch! Dan Hooper to third 2-2: Foul Ball, location: 2F 2-2: Ground out 5-3 (Groundball, 5L)
|
Batting: RHB Juan Carlos
|
0-0: Ball 1-0: Ball 2-0: Foul Ball, location: 2F 2-1: Foul Ball, location: 2F 2-2: SINGLE (Line Drive, 56D) Dan Hooper scores
|
Batting: RHB José Ortega
|
0-0: Ball 1-0: Foul Ball, location: 2F 1-1: Called Strike 1-2: Ball 2-2: Grounds into double play, 5-4-3 (Groundball, 5)
|
Top of the 5th over - 1 run(s), 2 hit(s), 0 error(s), 0 left on base; Jasper 1 - Colorado 2 |
BOTTOM OF THE 5TH |
Colorado Commanders batting - Pitching for Jasper Cougars : RHP Ernesto Mendoza
|
Batting: RHB Richard Pendergast
|
0-0: Ball 1-0: Foul Ball, location: 2F 1-1: Called Strike 1-2: Strikes out swinging
|
Batting: RHB Emiel van Rhee
|
0-0: Ground out 4-3 (Groundball, 4)
|
Batting: RHB Tim Adkins
|
0-0: Fly out, F8 (Popup, 8LS)
|
Bottom of the 5th over - 0 run(s), 0 hit(s), 0 error(s), 0 left on base; Jasper 1 - Colorado 2 |
TOP OF THE 6TH |
Jasper Cougars batting - Pitching for Colorado Commanders : RHP Christian Camden
|
Batting: RHB Joe Baker
|
0-0: Called Strike 0-1: Ball 1-1: Ground out 6-3 (Groundball, 6M)
|
Batting: RHB Manuel Pérez
|
0-0: Ball 1-0: Ball 2-0: Foul Ball, location: 2F 2-1: SINGLE (Groundball, 5D)
|
Batting: LHB Pepe Vázquez
|
0-0: Called Strike 0-1: Ball 1-1: Ball 2-1: Foul Ball, location: 2F 2-2: Ground out U3 (Groundball, 3S) Manuel Pérez to second
|
Pitching: RHP Jerry Campbell
|
|
Batting: LHB Enrique Valentín
|
0-0: Ground out 4-3 (Groundball, 4)
|
Top of the 6th over - 0 run(s), 1 hit(s), 0 error(s), 1 left on base; Jasper 1 - Colorado 2 |
BOTTOM OF THE 6TH |
Colorado Commanders batting - Pitching for Jasper Cougars : RHP Ernesto Mendoza
|
Batting: RHB Roberto Zamora
|
0-0: Foul Ball, location: 2F 0-1: Ball 1-1: Called Strike 1-2: Foul Ball, location: 2F 1-2: Ball 2-2: Strikes out swinging
|
Batting: RHB José Aranda
|
0-0: Called Strike 0-1: Called Strike 0-2: Fly out, F9 (Flyball, 89M)
|
Batting: RHB Xavier De La Cruz
|
0-0: Swinging Strike 0-1: Ground out 5-3 (Groundball, 5S)
|
Bottom of the 6th over - 0 run(s), 0 hit(s), 0 error(s), 0 left on base; Jasper 1 - Colorado 2 |
TOP OF THE 7TH |
Jasper Cougars batting - Pitching for Colorado Commanders : RHP Jerry Campbell
|
Batting: SHB Ron Edwards
|
0-0: Foul Ball, location: 2F 0-1: Ball 1-1: Ball 2-1: Ball 3-1: Base on Balls
|
Pinch Hitting: LHB Pat Jones
|
0-0: Ball 1-0: Ball 2-0: Ball 3-0: Base on Balls Ron Edwards to second
|
Batting: RHB Fernando Gálvez
|
0-0: Ball 1-0: Called Strike 1-1: Called Strike 1-2: Foul Ball, location: 2F 1-2: Foul Ball, location: 2F 1-2: Ball 2-2: Ball 3-2: Strikes out swinging
|
Pinch Hitting: LHB Jon Scott
|
0-0: Called Strike 0-1: Ball 1-1: Ball 2-1: Foul Ball, location: 2F 2-2: Ball 3-2: Foul Ball, location: 2F 3-2: Strikes out swinging
|
Pinch Hitting: RHB José González
|
0-0: Fly out, F6 (Line Drive, 6)
|
Top of the 7th over - 0 run(s), 0 hit(s), 0 error(s), 2 left on base; Jasper 1 - Colorado 2 |
BOTTOM OF THE 7TH |
Colorado Commanders batting - Pitching for Jasper Cougars : RHP Ernesto Mendoza
|
Pitching: LHP Javier Galeas
|
|
Now at 3B: Martín Cruz
|
|
Now at SS: Jon Scott
|
|
Now in LF: José González
|
|
Batting: LHB Gary Kern
|
0-0: Called Strike 0-1: Ball 1-1: Ball 2-1: Foul Ball, location: 2F 2-2: SINGLE (Groundball, 6MD)
|
Batting: SHB Ángel Díaz
|
0-0: Ball 1-0: Ball 2-0: Ball 3-0: Base on Balls Gary Kern to second
|
Batting: RHB Lee Price
|
0-0: Sac Bunt - play at first, batter OUT! 1-4 Gary Kern to third Ángel Díaz to second
|
Batting: RHB Richard Pendergast
|
0-0: Ball 1-0: Called Strike 1-1: Called Strike 1-2: Reached on error, E4 (Groundball, 4) Gary Kern scores Ángel Díaz to third
|
Batting: RHB Emiel van Rhee
|
0-0: Called Strike Richard Pendergast steals 2nd base 0-1: Ground out 1-3 (Groundball, 15S)
|
Batting: RHB Tim Adkins
|
0-0: Ball 1-0: Ball 2-0: Swinging Strike 2-1: Called Strike 2-2: Strikes out looking
|
Bottom of the 7th over - 1 run(s), 1 hit(s), 1 error(s), 2 left on base; Jasper 1 - Colorado 3 |
TOP OF THE 8TH |
Jasper Cougars batting - Pitching for Colorado Commanders : RHP Jerry Campbell
|
Batting: RHB Joe Baker
|
0-0: Fly out, F4 (Line Drive, 4M)
|
Batting: RHB Manuel Pérez
|
0-0: Ball 1-0: Ball 2-0: Called Strike 2-1: Ball 3-1: Called Strike 3-2: SINGLE (Flyball, 7LM)
|
Pitching: LHP António Ramos
|
|
Batting: LHB Pepe Vázquez
|
0-0: Fielders Choice at 2nd, 3-6 (Groundball, 3)
|
Batting: LHB Enrique Valentín
|
0-0: Called Strike 0-1: Ball 1-1: Called Strike 1-2: Ball 2-2: Strikes out swinging
|
Top of the 8th over - 0 run(s), 1 hit(s), 0 error(s), 1 left on base; Jasper 1 - Colorado 3 |
BOTTOM OF THE 8TH |
Colorado Commanders batting - Pitching for Jasper Cougars : LHP Javier Galeas
|
Batting: RHB Roberto Zamora
|
0-0: Ball 1-0: Ball 2-0: Ball 3-0: Called Strike 3-1: SINGLE (Groundball, 56D)
|
Batting: RHB José Aranda
|
0-0: Ball 1-0: Bunted foul 1-1: Sac Bunt - play at first, batter OUT! 1-4 Roberto Zamora to second
|
Batting: RHB Xavier De La Cruz
|
0-0: Intentional Walk
|
Batting: LHB Gary Kern
|
0-0: Ball 1-0: Foul Ball, location: 2F 1-1: Fly out, F4 (Line Drive, 4)
|
Batting: SHB Ángel Díaz
|
0-0: Foul Ball, location: 2F 0-1: Swinging Strike 0-2: Foul Ball, location: 2F 0-2: Foul Ball, location: 2F 0-2: Ball 1-2: Strikes out swinging
|
Bottom of the 8th over - 0 run(s), 1 hit(s), 0 error(s), 2 left on base; Jasper 1 - Colorado 3 |
TOP OF THE 9TH |
Jasper Cougars batting - Pitching for Colorado Commanders : LHP António Ramos
|
Pitching: RHP Ramiro Trujillo
|
|
Batting: SHB Ron Edwards
|
0-0: Fly out, F7 (Flyball, 7LM)
|
Batting: SHB Martín Cruz
|
0-0: Ball 1-0: Foul Ball, location: 2F 1-1: Ball 2-1: Foul Ball, location: 2F 2-2: DOUBLE (Line Drive, 3L)
|
Batting: RHB Fernando Gálvez
|
0-0: Called Strike 0-1: Ball 1-1: DOUBLE (Flyball, 8RXD) Martín Cruz scores
|
Batting: LHB Jon Scott
|
0-0: Ground out U3 (Groundball, 3) Fernando Gálvez to third
|
Pinch Hitting: RHB Juan Vázquez
|
0-0: Ball 1-0: Ball 2-0: Ball 3-0: Base on Balls
|
Batting: RHB Joe Baker
|
0-0: DOUBLE (Flyball, 8LS) Fernando Gálvez scores Juan Vázquez to third
|
Batting: RHB Manuel Pérez
|
0-0: Called Strike 0-1: Ball 1-1: Ball 2-1: Ball 3-1: Called Strike 3-2: Base on Balls
|
Batting: LHB Pepe Vázquez
|
0-0: Foul Ball, location: 2F 0-1: Swinging Strike 0-2: Ball 1-2: Strikes out looking
|
Top of the 9th over - 2 run(s), 3 hit(s), 0 error(s), 3 left on base; Jasper 3 - Colorado 3 |
BOTTOM OF THE 9TH |
Colorado Commanders batting - Pitching for Jasper Cougars : LHP Javier Galeas
|
Now in RF: Juan Vázquez
|
|
Batting: RHB Lee Price
|
0-0: Called Strike 0-1: Swinging Strike 0-2: Ball 1-2: Strikes out swinging
|
Batting: RHB Richard Pendergast
|
0-0: Ball 1-0: Called Strike 1-1: Foul Ball, location: 2F 1-2: Foul Ball, location: 2F 1-2: Ball 2-2: Strikes out looking
|
Pitching: RHP Brandon Williams
|
|
Batting: RHB Emiel van Rhee
|
0-0: Foul Ball, location: 2F 0-1: Ball 1-1: Ball 2-1: Foul Ball, location: 2F 2-2: Foul Ball, location: 2F 2-2: Strikes out swinging
|
Bottom of the 9th over - 0 run(s), 0 hit(s), 0 error(s), 0 left on base; Jasper 3 - Colorado 3 |
TOP OF THE 10TH |
Jasper Cougars batting - Pitching for Colorado Commanders : RHP Ramiro Trujillo
|
Batting: LHB Enrique Valentín
|
0-0: Foul Ball, location: 2F 0-1: Ground out 1-3 (Groundball, 15)
|
Batting: SHB Ron Edwards
|
0-0: Fly out, F8 (Flyball, 8RD)
|
Batting: SHB Martín Cruz
|
0-0: Ball 1-0: Called Strike 1-1: Foul Ball, location: 2F 1-2: Ball 2-2: Fly out, F3 (Line Drive, 3)
|
Top of the 10th over - 0 run(s), 0 hit(s), 0 error(s), 0 left on base; Jasper 3 - Colorado 3 |
|